 Dungeon Crawl Stone Soup version 0.28.0-1-gb440e238dd (webtiles) character file.

Game seed: 7606477569759292976

139606 fragbeetle the Thaumaturge (level 17, 0/145 HPs)
             Began as a Gnoll Conjurer on Feb 23, 2022.
             Was a High Priest of Ashenzari.
             Slain by a rockslime (9 damage)
             ... in an ice cave.
             The game lasted 02:07:49 (32154 turns).

fragbeetle the Thaumaturge (Gnoll Conjurer)        Turns: 32154, Time: 02:07:49

Health: 0/145      AC: 17    Str: 13    XL:     17   Next: 28%
Magic:  30/38      EV: 15    Int: 27    God:    Ashenzari [*****.]
Gold:   1407       SH:  6    Dex: 11    Spells: 14/51 levels left

rFire   + . .      SeeInvis +   k - +10 dagger "Conservator" {freeze, rN+}
rCold   . . .      Faith    .   D - +0 buckler of the Cryptic Mistrust {Alch, Cun} (curse)
rNeg    + . .      Spirit   .   B - +2 ring mail of the Ruined Black Moon {Will+, Self, Elem} (curse)
rPois   +          Reflect  .   f - +0 helmet "Shackled Stoicism" {Self, Alch} (curse)
rElec   .          Harm     .   d - +2 cloak of the Thief {*Fog Slay-2 SInv Stlth+, Evo, Self} (curse)
rCorr   .          Rampage  .   r - +0 pair of gloves of Supernal Understanding {Bglg, Elem} (curse)
Will    +++..      Clarity  +   u - +0 pair of boots "Per Aspera Ad Scientiam" {Elem, Bglg} (curse)
Stlth   ++++++....              t - amulet "Hasijauth" {rF+ Will+ Regen+}
HPRegen 1.14/turn               b - ring of the Bound Omission {rPois Str+2, Elem, Bglg} (curse)
MPRegen 0.26/turn               T - ring of Supernal Wisdom {Int+6, Self, Elem} (curse)

@: no status effects
A: fangs 1, strong nose, distributed training
a: Renounce Religion, Curse Item, Shatter the Chains


You were in an ice cave.
You worshipped Ashenzari.
Ashenzari was extremely pleased with you.
You visited 4 branches of the dungeon, and saw 23 of its levels.
You also visited: Gauntlet and Ice Cave.

You collected 2281 gold pieces.
You spent 874 gold pieces at shops.

Inventory:

Hand Weapons
 k - the +10 dagger "Conservator" (weapon) {freeze, rN+}
   (You found it on level 3 of the Dungeon)

   It freezes those it strikes, dealing additional cold damage.
   It can also slow down cold-blooded creatures.
   rN:        It protects you from negative energy.
 q - the +2 battleaxe "Orayta" {freeze, rElec rC+ rN+ Int-5}
   (You found it on level 12 of the Dungeon)

   It freezes those it strikes, dealing additional cold damage.
   It can also slow down cold-blooded creatures.
   Int:       It affects your intelligence (-5).
   rC:        It protects you from cold.
   rElec:     It insulates you from electricity.
   rN:        It protects you from negative energy.
Missiles
 g - 28 poisoned darts
 s - a throwing net
 y - 147 arrows
 P - 5 curare-tipped darts
Armour
 d - the cursed +2 cloak of the Thief (worn) {*Fog Slay-2 SInv Stlth+, Evo, Self}
   (You found it in a Gauntlet)

   It may release a thick cloud of smoke when the wearer is hurt.
   Slay:      It affects your accuracy & damage with ranged weapons and melee
   (-2).
   SInv:      It lets you see invisible.
   Stlth:     It makes you more stealthy.
   It has a curse which improves the following skills: Evocations: Evocations.
   Introspection: Fighting and Spellcasting.
 f - the cursed +0 helmet "Shackled Stoicism" (worn) {Self, Alch}
   (You took it off Robin on level 2 of the Dungeon)

   It has a curse which improves the following skills: Introspection: Fighting
   and Spellcasting.
   Alchemy:   Poison Magic and Transmutations.
 r - the cursed +0 pair of gloves of Supernal Understanding (worn) {Bglg, Elem}
   (You found it on level 5 of the Dungeon)

   It has a curse which improves the following skills: Beguiling: Conjurations,
   Hexes and Translocations.
   Elements:  Fire Magic, Ice Magic, Air Magic and Earth Magic.
 u - the cursed +0 pair of boots "Per Aspera Ad Scientiam" (worn) {Elem, Bglg}
   (You found it on level 5 of the Dungeon)

   It has a curse which improves the following skills: Elements: Fire Magic, Ice
   Magic, Air Magic and Earth Magic.
   Beguiling: Conjurations, Hexes and Translocations.
 B - the cursed +2 ring mail of the Ruined Black Moon (worn) {Will+, Self, Elem}
   (You took it off an orc priest on level 7 of the Dungeon)

   It has a curse which improves the following skills: Introspection: Fighting
   and Spellcasting.
   Elements:  Fire Magic, Ice Magic, Air Magic and Earth Magic.
 D - the cursed +0 buckler of the Cryptic Mistrust (worn) {Alch, Cun}
   (You found it on level 6 of the Dungeon)

   It has a curse which improves the following skills: Alchemy: Poison Magic and
   Transmutations.
   Cunning:   Dodging and Stealth.
Jewellery
 b - the cursed ring of the Bound Omission (left hand) {rPois Str+2, Elem, Bglg}
   (You found it in a Gauntlet)

   [ring of poison resistance]

   Str:       It affects your strength (+2).
   rPois:     It protects you from poison.
   It has a curse which improves the following skills: Elements: Fire Magic, Ice
   Magic, Air Magic and Earth Magic.
   Beguiling: Conjurations, Hexes and Translocations.
 h - a ring of protection from fire
 t - the amulet "Hasijauth" (around neck) {rF+ Will+ Regen+}
   (You bought it in a shop on level 2 of the Orcish Mines)

   [amulet of regeneration]

   rF:        It protects you from fire.
   Regen:     It increases your rate of health regeneration.
   Will:      It increases your willpower.
 T - the cursed ring of Supernal Wisdom (right hand) {Int+6, Self, Elem}
   (You found it on level 3 of the Lair of Beasts)

   [ring of intelligence]

   Int:       It affects your intelligence (+6).
   It has a curse which improves the following skills: Introspection: Fighting
   and Spellcasting.
   Elements:  Fire Magic, Ice Magic, Air Magic and Earth Magic.
Wands
 a - a wand of polymorph (25)
 c - a wand of mindburst (6)
 i - a wand of iceblast (11)
 o - a wand of charming (8)
 z - a wand of digging (14)
 M - a wand of acid (7)
Scrolls
 j - 2 scrolls of silence
 n - 4 scrolls of fog
 x - 2 scrolls of teleportation
 I - a scroll of blinking
 R - 3 scrolls of fear
Potions
 e - 4 potions of flight
 l - 2 potions of ambrosia
 m - 5 potions of curing
 p - 4 potions of brilliance
 v - 2 potions of might
 w - 2 potions of cancellation
 A - a potion of magic
 C - a potion of berserk rage
 F - 2 potions of haste
 H - 3 potions of mutation
 L - a potion of resistance


   Skills:
 + Level 11.0(16.5) Fighting
 + Level 11.0 Short Blades
 + Level 11.0 Long Blades
 + Level 11.0 Axes
 + Level 11.0 Maces & Flails
 + Level 11.0 Polearms
 + Level 11.0 Staves
 + Level 11.0 Slings
 + Level 11.0 Bows
 + Level 11.0 Crossbows
 + Level 11.0 Throwing
 + Level 11.0 Armour
 + Level 11.9(14.2) Dodging
 + Level 11.8(14.0) Stealth
 + Level 11.0 Shields
 + Level 11.0 Unarmed Combat
 + Level 12.1(17.6) Spellcasting
 + Level 11.6(16.1) Conjurations
 + Level 9.3(13.8) Hexes
 + Level 9.3 Summonings
 + Level 9.3 Necromancy
 + Level 9.3(13.8) Translocations
 + Level 9.3(12.8) Transmutations
 + Level 9.3(15.6) Fire Magic
 + Level 9.3(15.6) Ice Magic
 + Level 9.3(15.6) Air Magic
 + Level 9.3(15.6) Earth Magic
 + Level 9.3(12.8) Poison Magic
 + Level 12.0 Invocations
 + Level 11.0(13.3) Evocations


You had 14 spell levels left.
You knew the following spells:

 Your Spells              Type           Power      Damage    Failure   Level
a - Magic Dart            Conj           100%       1d8       0%          1
b - Searing Ray           Conj           100%       2d8       0%          2
c - Mephitic Cloud        Conj/Pois/Air  81%        N/A       1%          3
d - Fulminant Prism       Conj/Hex       40%        3d20      1%          4
e - Ignite Poison         Fire/Tmut/Pois 78%        N/A       1%          3
f - Iskenderun's Mystic   Conj/Tloc      81%        2d16      1%          4
g - Freezing Cloud        Conj/Ice/Air   41%        6-21      1%          5
h - Summon Ice Beast      Ice/Summ       74%        N/A       1%          4
i - Silence               Hex/Air        40%        N/A       1%          5
j - Simulacrum            Ice/Necr       37%        N/A       3%          6

Your spell library contained the following spells:

 Spells                   Type           Power      Damage    Failure   Level
 Apportation              Tloc           100%       N/A       0%          1
 Sandblast                Erth           100%       2d20      0%          1
 Pain                     Necr           100%       1d9       1%          1
 Dazzling Flash           Conj/Hex       100%       N/A       1%          3
 Frozen Ramparts          Ice            100%       1d12      1%          3
 Ice Form                 Ice/Tmut       79%        N/A       1%          4
 Alistair's Intoxication  Tmut/Pois      50%        N/A       1%          5
 Agony                    Necr           65%        N/A       2%          5
 Polar Vortex             Ice            41%        N/A       100%        9


Dungeon Overview and Level Annotations

Branches:
Dungeon (14/15)            Temple (1/1) D:6            Lair (6/6) D:8
 Shoals (0/4) Lair:2        Snake (0/4) Lair:2        Slime (0/5) Lair:5
    Orc (2/2) D:12            Elf (0/3) Orc:2         IceCv (1/1)
Gauntlet (visited)
 Vaults: D:13-14

Altars:
Ashenzari
Cheibriados
Dithmenos
Elyvilon
Fedhas
Gozag
Hepliaklqana
Kikubaaqudgha
Makhleb
Nemelex Xobeh
Okawaru
Qazlal
Ru
Sif Muna
Trog
Uskayaw
Vehumet
Wu Jian
Xom
Yredelemnul
Zin
The Shining One
Jiyva

Shops:
D:12 *   Orc:2 ([*=

Annotations:
D:7 exclusion: two-headed ogre
Lair:2 exclusion: sensed monster (detected)
Orc:2 1 runed translucent door, freelancePsychic's ghost, journeyman VSDe


Innate Abilities, Weirdness & Mutations

You have very sharp teeth.
Your uncanny sense of smell can sniff out nearby items.
Your experience applies equally to all skills.


Message History

Aiming: Iceblast
Press: ? - help, Shift-Dir - straight line, p - rockslime The mass of ice explodes!
The iceblast engulfs the rockslime!
The rockslime is heavily wounded.
You block the rockslime's attack.
Your ice beast hits the rockslime but does no damage.
Unknown command.
A rockslime is nearby!
Unknown command.
Unknown command.
Aiming: Iceblast
Press: ? - help, Shift-Dir - straight line The mass of ice explodes!
The iceblast engulfs the rockslime but does no damage.
The rockslime is heavily wounded.
The rockslime hits you!!!
* * * LOW HITPOINT WARNING * * *
With a swish of your cloak, you release a cloud of fog.
You hold your ground!
You feel better.
You feel yourself slow down.
Your ice beast hits the rockslime but does no damage.
The rockslime hits you.
* * * LOW HITPOINT WARNING * * *
You hold your ground!
Unknown command.
Okay, then.
Your ice beast hits the rockslime but does no damage.
The rockslime hits you!!
* * * LOW HITPOINT WARNING * * *
You hold your ground!
Unknown command.
Your ice beast hits the rockslime but does no damage.
Blink to where?
Press: ? - help, Dir - move target
As you read the scroll of blinking, it crumbles to dust.
Your ice beast hits the rockslime but does no damage.
Your ice beast barely misses the rockslime.
The rockslime hits you!
You die...

.##..##...#..#*
.#.§.§#...##..
##§§§.#....#..####
#§§§§§..#..#..####
#§§{#§§.##.##..########
#§§§##§.##..#..#########
#§§###..##..##§####§####
#§§####..#...#§§##§§§###
§§#####..##..#§§@J§§§###
§§#####..##..#§§##Y§§###
§§####...#8.##.####§####
§§####..##..#§.#########
§§##.{..#..##..#########
§.§....##..##.#########
..##...#$[.#..####
..##..##[$##..####
..##..##.##..####


You could see a rockslime (ally target) and a friendly ice beast (summoned).

Vanquished Creatures
  Jorgrun (Orc:2)
  Rupert (Lair:6)
  3 azure jellies (IceCv)
  An orc warlord (Orc:2)
  6 quicksilver oozes (IceCv)
  Nessos (Lair:4)
  15 hydras
  A hell beast (Gauntlet)
  4 catoblepae
  3 centaur warriors
  3 two-headed ogres
  A death knight (D:12)
  An anaconda (Lair:6)
  Erica (Orc:1)
  An alligator (Lair:6)
  4 death yaks (Lair:6)
  4 orc high priests
  Sonja (Lair:1)
  A fire crab (Lair:6)
  4 skeletal warriors
  A phantasmal warrior (D:12)
  2 spriggan simulacra (D:14)
  3 orc knights (Orc:2)
  2 manticores (Lair:6)
  7 orc sorcerers
  6 cyclopes
  3 ugly things
  6 elephants (Lair:5)
  2 merfolk sirens (Lair:2)
  6 black mambas
  12 cane toads
  A gargoyle (D:11)
  2 kobold demonologists
  3 unseen horrors
  3 rime drakes
  11 komodo dragons
  A freezing wraith (D:12)
  3 very ugly thing simulacra (IceCv)
  7 entropy weaver simulacra
  4 trolls
  2 merfolk (Lair:2)
  2 hornets
  20 blink frogs
  A raiju (Gauntlet)
  A meliai zombie (D:6)
  4 slime creatures
  2 vampires (D:11)
  A dire elephant simulacrum (D:14)
  4 shadows (Gauntlet)
  6 wyverns
  6 wraiths
  51 yaks
  8 basilisks
  6 steam dragons
  Eustachio (D:5)
  4 vampire mosquitoes
  A harpy simulacrum (D:14)
  2 wargs (Orc:2)
  An acid dragon (D:11)
  4 demonic crawler simulacra (IceCv)
  2 nagas (Lair:2)
  An ice beast (D:4)
  7 black bears
  49 orc warriors
  13 water moccasins
  2 sky beasts
  3 ugly thing simulacra (IceCv)
  An alligator simulacrum (D:14)
  5 ogres
  12 wolves
  10 centaurs
  2 phantoms
  4 kobold brigands
  15 bullfrogs
  Blork the orc (D:5)
  A scorpion (Lair:6)
  A water moccasin zombie (D:5)
  4 killer bees
  4 wights (D:8)
  An electric eel (Lair:4)
  3 howler monkeys
  A hound (D:5)
  36 orc priests
  A gnoll shaman (D:7)
  A bullfrog skeleton (D:7)
  A centaur skeleton (D:4)
  5 centaur zombies
  A jelly (D:4)
  An iguana (shapeshifter) (D:13)
  2 iguanas
  36 orc wizards
  Robin (D:2)
  7 gnolls
  2 adders (D:6)
  A shadow imp (D:5)
  A white imp (D:7)
  5 worms
  3 dart slugs
  103 orcs
  4 endoplasms
  3 giant cockroaches
  14 goblins
  8 hobgoblins
  2 jackals (D:2)
  3 quokkas
  3 ball pythons
  A ball python zombie (D:3)
  6 bats
  4 frilled lizards
  A jackal zombie (D:3)
  21 kobolds
  4 rats
692 creatures vanquished.

Vanquished Creatures (collateral kills)
  A dire elephant (Lair:6)
  Snorg (Lair:6)
  A hydra (Lair:1)
  3 death yaks (Lair:6)
  A cane toad (Lair:1)
  2 yaks (Lair:6)
9 creatures vanquished.

Vanquished Creatures (others)
  A warg (Orc:1)
  A demonic crawler simulacrum (IceCv)
  An ugly thing simulacrum (IceCv)
  2 orc priests (Orc:2)
  65 fulminant prisms
  42 fungi
  66 plants
  27 withered plants
205 creatures vanquished.

Grand Total: 906 creatures vanquished

Notes
Turn   | Place    | Note
-------+----------+-------------------------------------------
     0 | D:1      | fragbeetle the Gnoll Conjurer began the quest for the Orb.
     0 | D:1      | Reached XP level 1. HP: 13/13 MP: 6/6
   331 | D:1      | Reached XP level 2. HP: 19/19 MP: 4/7
   334 | D:1      | Learned a level 2 spell: Searing Ray
   729 | D:1      | Found a faded altar of an unknown god.
   994 | D:2      | Noticed Robin
  1031 | D:1      | Reached XP level 3. HP: 16/25 MP: 6/9
  1032 | D:1      | Reached skill level 5 in Spellcasting
  1423 | D:2      | Reached skill level 1 in Invocations
  1706 | D:2      | Killed Robin
  1707 | D:2      | Reached skill level 1 in Fighting
  1707 | D:2      | Reached skill level 1 in Short Blades
  1707 | D:2      | Reached skill level 1 in Long Blades
  1707 | D:2      | Reached skill level 1 in Axes
  1707 | D:2      | Reached skill level 1 in Maces & Flails
  1707 | D:2      | Reached skill level 1 in Polearms
  1707 | D:2      | Reached skill level 1 in Staves
  1707 | D:2      | Reached skill level 1 in Slings
  1707 | D:2      | Reached skill level 1 in Bows
  1707 | D:2      | Reached skill level 1 in Crossbows
  1707 | D:2      | Reached skill level 1 in Throwing
  1707 | D:2      | Reached skill level 1 in Armour
  1707 | D:2      | Reached skill level 1 in Shields
  1707 | D:2      | Reached skill level 1 in Unarmed Combat
  1707 | D:2      | Reached skill level 1 in Evocations
  1761 | D:2      | Reached XP level 4. HP: 32/32 MP: 8/11
  2702 | D:3      | Reached skill level 1 in Hexes
  2702 | D:3      | Reached skill level 1 in Summonings
  2702 | D:3      | Reached skill level 1 in Necromancy
  2702 | D:3      | Reached skill level 1 in Translocations
  2702 | D:3      | Reached skill level 1 in Transmutations
  2702 | D:3      | Reached skill level 1 in Fire Magic
  2702 | D:3      | Reached skill level 1 in Ice Magic
  2702 | D:3      | Reached skill level 1 in Air Magic
  2702 | D:3      | Reached skill level 1 in Earth Magic
  2702 | D:3      | Reached skill level 1 in Poison Magic
  3149 | D:3      | Found a burning altar of Makhleb.
  3266 | D:3      | Reached XP level 5. HP: 27/37 MP: 8/12
  3456 | D:3      | Found a basalt altar of Yredelemnul.
  3553 | D:3      | Identified the +10 dagger "Conservator" {freeze, rN+}
  3713 | D:3      | Learned a level 3 spell: Mephitic Cloud
  3996 | D:4      | Learned a level 4 spell: Fulminant Prism
  4264 | D:4      | Noticed a phantom
  4342 | D:4      | Killed a phantom
  4343 | D:4      | Reached XP level 6. HP: 40/44 MP: 3/14
  4460 | D:4      | Noticed an ice beast
  4559 | D:4      | Killed an ice beast
  4560 | D:4      | Reached skill level 5 in Dodging
  4785 | D:5      | Entered Level 5 of the Dungeon
  4812 | D:5      | Noticed Blork the orc
  4897 | D:5      | Killed Blork the orc
  4898 | D:5      | Reached XP level 7. HP: 46/50 MP: 6/15
  5206 | D:5      | Noticed Eustachio
  5416 | D:5      | Reached skill level 5 in Stealth
  5749 | D:5      | Killed Eustachio
  5750 | D:5      | Reached XP level 8. HP: 54/58 MP: 9/16
  6409 | D:6      | Found a broken altar of Ashenzari.
  6425 | D:6      | Became a worshipper of Ashenzari the Shackled
  7296 | D:6      | Found a staircase to the Ecumenical Temple.
  7305 | Temple   | Entered the Ecumenical Temple
  8043 | D:7      | Reached XP level 9. HP: 61/65 MP: 7/18
  8661 | D:7      | Found an ancient bone altar of Kikubaaqudgha.
  8706 | D:7      | Reached * piety under Ashenzari
  8709 | D:7      | Reached XP level 10. HP: 68/76 MP: 16/21
  8743 | D:7      | Reached skill level 5 in Hexes
  8743 | D:7      | Reached skill level 5 in Summonings
  8743 | D:7      | Reached skill level 5 in Necromancy
  8743 | D:7      | Reached skill level 5 in Translocations
  8743 | D:7      | Reached skill level 5 in Transmutations
  8743 | D:7      | Reached skill level 5 in Fire Magic
  8743 | D:7      | Reached skill level 5 in Ice Magic
  8743 | D:7      | Reached skill level 5 in Air Magic
  8743 | D:7      | Reached skill level 5 in Earth Magic
  8743 | D:7      | Reached skill level 5 in Poison Magic
  8868 | D:7      | Noticed a two-headed ogre
  8939 | D:7      | Learned a level 3 spell: Ignite Poison
  8944 | D:7      | Learned a level 4 spell: Iskenderun's Mystic Blast
  9380 | D:8      | Reached ** piety under Ashenzari
  9483 | D:8      | Found a staircase to the Lair.
 10004 | D:8      | Found a shadowy altar of Dithmenos.
 10012 | D:8      | Reached XP level 11. HP: 84/84 MP: 17/24
 10121 | D:8      | Found a shimmering altar of Xom.
 10180 | Lair:1   | Entered Level 1 of the Lair of Beasts
 10180 | Lair:1   | Noticed an eight-headed hydra
 10561 | D:9      | Learned a level 5 spell: Freezing Cloud
 10668 | D:9      | Found a shimmering blue altar of Sif Muna.
 10668 | D:9      | Identified Sif Muna's Papyrus of the Rocks
 10668 | D:9      | Identified Sif Muna's Handbook of Unholy Rituals
 10668 | D:9      | Identified Sif Muna's Almanac of Unholy Magic
 10945 | D:9      | Found a hazy altar of Hepliaklqana.
 11063 | D:10     | Entered Level 10 of the Dungeon
 11886 | D:10     | Noticed a centaur warrior
 12131 | D:10     | Killed a centaur warrior
 12322 | D:11     | Identified the +5 spear "Akanufi" {antimagic, rF+ Int+4
                  | Dex+4}
 12346 | D:11     | Found a gate leading to a gauntlet.
 12359 | D:11     | Reached *** piety under Ashenzari
 12385 | Gauntlet | Entered a Gauntlet
 12385 | Gauntlet | Found a large runed translucent door.
 12385 | Gauntlet | Found a large runed translucent door.
 12385 | Gauntlet | Found a large runed translucent door.
 12385 | Gauntlet | Found a large runed translucent door.
 12385 | Gauntlet | Found a large runed translucent door.
 12385 | Gauntlet | Found a large runed translucent door.
 12385 | Gauntlet | Found a runed translucent door.
 12385 | Gauntlet | Found a transporter.
 12385 | Gauntlet | Found a transporter.
 12385 | Gauntlet | Found a runed translucent door.
 12385 | Gauntlet | Found a large runed translucent door.
 12385 | Gauntlet | Found a large runed translucent door.
 12385 | Gauntlet | Found a large runed translucent door.
 12385 | Gauntlet | Found a large runed translucent door.
 12385 | Gauntlet | Found a large runed translucent door.
 12385 | Gauntlet | Found a large runed translucent door.
 12389 | Gauntlet | Found a transporter.
 12389 | Gauntlet | Found a transporter.
 12390 | Gauntlet | Found a large runed translucent door.
 12390 | Gauntlet | Found a large runed translucent door.
 12390 | Gauntlet | Found a large runed translucent door.
 12390 | Gauntlet | Found a large runed translucent door.
 12394 | Gauntlet | Found a runed translucent gate.
 12394 | Gauntlet | Found a runed translucent gate.
 12394 | Gauntlet | Found a runed translucent gate.
 12396 | Gauntlet | Noticed a blizzard demon
 12399 | Gauntlet | Found a transporter.
 12409 | Gauntlet | Found a transporter.
 12409 | Gauntlet | Found a transporter.
 12411 | Gauntlet | Found the +2 cloak of the Thief {*Fog Slay-2 SInv Stlth+}
 12412 | Gauntlet | Found the ring of Shadows {Umbra +Inv Stlth+}
 12429 | Gauntlet | Noticed an entropy weaver
 12433 | Gauntlet | Found a transporter.
 12440 | Gauntlet | Found a transporter.
 12450 | Gauntlet | Identified the ring "Mostrig" {rC+ Will+ Dex+6}
 12452 | Gauntlet | Found a transporter.
 12470 | Gauntlet | Found a transporter.
 12492 | Gauntlet | Found a transporter.
 12538 | Gauntlet | Found a transporter.
 12540 | Gauntlet | Noticed a hell beast
 12554 | Gauntlet | Found a transporter.
 12554 | Gauntlet | Identified the ring "Vezoimpank" {rPois Str+2}
 12655 | Gauntlet | Found a transporter.
 12669 | Gauntlet | Found a transporter.
 12697 | Gauntlet | Reached **** piety under Ashenzari
 12959 | Gauntlet | Learned a level 4 spell: Summon Ice Beast
 12976 | Gauntlet | Killed a hell beast
 13275 | Gauntlet | Noticed a minotaur
 13280 | Gauntlet | Identified the +11 short sword "Qeutzik" {protect, *Corrode
                  | rElec Stlth+}
 13882 | D:11     | Noticed a cyclops
 13898 | D:11     | Killed a cyclops
 14235 | D:11     | Noticed a two-headed ogre
 14335 | Lair:1   | Reached XP level 12. HP: 75/97 MP: 22/27
 14450 | Lair:1   | Killed an eight-headed hydra
 14673 | Lair:1   | Noticed a six-headed hydra
 14682 | Lair:1   | Killed a six-headed hydra
 14751 | Lair:1   | Noticed Sonja
 14810 | Lair:1   | Killed Sonja
 15443 | Lair:2   | Noticed a seven-headed hydra
 15449 | Lair:2   | Killed a seven-headed hydra
 15623 | Lair:2   | Found a staircase to the Snake Pit.
 16134 | Lair:2   | Found a staircase to the Shoals.
 16802 | Lair:3   | Reached XP level 13. HP: 98/107 MP: 24/30
 17752 | Lair:4   | Reached skill level 10 in Conjurations
 17911 | Lair:4   | Learned a level 5 spell: Silence
 18285 | Lair:4   | Noticed Nessos
 18295 | Lair:4   | Killed Nessos
 19032 | Lair:5   | Reached skill level 10 in Spellcasting
 19267 | Lair:5   | Identified the +7 mace of Articulation {vorpal, +Blink}
 19480 | Lair:5   | Reached skill level 10 in Dodging
 19958 | Lair:5   | Learned a level 6 spell: Simulacrum
 19959 | Lair:5   | Found a staircase to the Slime Pits.
 19960 | Lair:5   | Found a viscous altar of Jiyva.
 20240 | Lair:5   | Noticed a dire elephant
 20313 | Lair:5   | Reached XP level 14. HP: 105/116 MP: 18/32
 20531 | Lair:5   | Reached skill level 10 in Stealth
 20631 | Lair:6   | Entered Level 6 of the Lair of Beasts
 20912 | Lair:6   | Reached skill level 10 in Invocations
 21117 | Lair:6   | Reached ***** piety under Ashenzari
 21778 | Lair:6   | Noticed Rupert
 22066 | Lair:6   | Killed Rupert
 22433 | Lair:6   | Noticed a dire elephant
 22553 | Lair:6   | Killed a dire elephant
 23017 | Lair:6   | Noticed Snorg
 23095 | Lair:6   | Killed Snorg
 23722 | D:11     | Reached XP level 15. HP: 129/129 MP: 22/35
 24164 | D:12     | Identified the +2 battleaxe "Orayta" {freeze, rElec rC+ rN+
                  | Int-5}
 24309 | D:12     | Found a staircase to the Orcish Mines.
 24536 | D:12     | Found Nupheadu's General Store.
 24568 | D:12     | Found a glowing golden altar of the Shining One.
 24696 | D:12     | Reached skill level 10 in Fighting
 24696 | D:12     | Reached skill level 10 in Short Blades
 24696 | D:12     | Reached skill level 10 in Long Blades
 24696 | D:12     | Reached skill level 10 in Axes
 24696 | D:12     | Reached skill level 10 in Maces & Flails
 24696 | D:12     | Reached skill level 10 in Polearms
 24696 | D:12     | Reached skill level 10 in Staves
 24696 | D:12     | Reached skill level 10 in Slings
 24696 | D:12     | Reached skill level 10 in Bows
 24696 | D:12     | Reached skill level 10 in Crossbows
 24696 | D:12     | Reached skill level 10 in Throwing
 24696 | D:12     | Reached skill level 10 in Armour
 24696 | D:12     | Reached skill level 10 in Shields
 24696 | D:12     | Reached skill level 10 in Unarmed Combat
 24696 | D:12     | Reached skill level 10 in Evocations
 25711 | Orc:1    | Entered Level 1 of the Orcish Mines
 26211 | Orc:2    | Entered Level 2 of the Orcish Mines
 26440 | Orc:2    | Noticed freelancePsychic's ghost (journeyman VSDe)
 26444 | Orc:2    | Found a runed translucent door.
 26711 | Orc:1    | Noticed Jorgrun
 26752 | Orc:2    | Killed Jorgrun
 27347 | Orc:2    | Noticed an orc warlord
 27362 | Orc:2    | Killed an orc warlord
 28540 | Orc:2    | Found Dyawodor's Antique Armour Emporium.
 28643 | Orc:2    | Found Nynerod's General Store.
 28644 | Orc:2    | Found Issodic's Jewellery Emporium.
 28646 | Orc:2    | Found Ifio's Antique Weapon Shoppe.
 28660 | Orc:2    | Bought a potion of haste for 130 gold pieces
 28661 | Orc:2    | Bought the amulet "Hasijauth" {rF+ Will+ Regen+} for 744
                  | gold pieces
 29052 | Orc:2    | Found a staircase to the Elven Halls.
 29230 | Orc:1    | Noticed Erica
 29236 | Orc:1    | Killed Erica
 31027 | D:14     | Reached XP level 16. HP: 125/138 MP: 30/37
 31073 | D:14     | Found a frozen archway.
 31214 | D:14     | Reached XP level 17. HP: 144/144 MP: 36/38
 31219 | IceCv    | Entered an ice cave
 31375 | IceCv    | Identified the +2 pair of gloves of the Final Blessings
                  | {rN+ Int-4 Dex+5}
 32047 | IceCv    | Found a viscous altar of Jiyva.
 32094 | IceCv    | HP: 3/145 [rockslime (31)]
 32151 | IceCv    | HP: 6/145 [rockslime (22)]
 32154 | IceCv    | Slain by a rockslime

Illustrated notes

Levels and vault maps discovered:
D:1:      saegor_arrival_fortress, layout_basic, chequers_ecumenical_altar_grove
D:2:      minmay_skewed_foursquare, layout_basic,
          nicolae_concentric_dashed_squares_wild, uniq_robin
D:3:      minmay_wonky_spiral, layout_basic, lemuel_zombie_altar_yredelemnul,
          mainiacjoe_overflow_small_starburst
D:4:      layout_cave_pools
D:5:      layout_rooms, minmay_misc_feat_rows, guppyfry_early_orc_mine,
          uniq_blork_the_orc, uniq_eustachio
D:6:      layout_basic, ashenzari_conservatory_becter, minmay_temple_entry_hall
D:7:      minmay_the_grid_octo_triangle [minmay_the_grid_octo_vomiting_pacman,
          minmay_the_grid_octo_prize_single_spiral,
          minmay_the_grid_octo_toaster], layout_basic,
          mainiacjoe_overflow_alcove_1
D:8:      layout_loops_ring, grunt_dithmenos_smoke, lemuel_crystal_altar,
          david_lair_generic
D:9:      layout_basic, nicolae_sif_muna_little_library, kennysheep_little_box
D:10:     layout_roguey
D:11:     minmay_four_partial_circles, layout_loops_ring, gauntlet_entry_generic
D:12:     layout_loops_ring, david_orc_4, nicolae_inconvenience_store,
          tso_metal_star
D:13:     layout_irregular_city
D:14:     layout_roguey, ximxim_vaults_locker_room, minmay_holes,
          portal_ice_cave_entry_ice_simulacra
Temple:   minmay_temple_curvy_branch
Lair:1:   layout_chaotic_city, st_stairs_6, uniq_sonja
Lair:2:   layout_roguey, elwin_shoals_entry_stream, guppyfry_snake_entry_island,
          special_room [special_room_bee]
Lair:3:   layout_chaotic_city, minivault_24, infiniplex_staircase_pool
Lair:4:   layout_loops_ring, serial_bayou_lake_a, grunt_megastairs_4,
          serial_bayou_shore_b, serial_bayou_shore_b, uniq_nessos
Lair:5:   layout_big_grid, slime_altar_1, nicolae_quartered_pool_impasse,
          nzn_random_ring, grunt_megastairs_5
Lair:6:   evilmike_catoblepas_cave, layout_regular_city,
          nicolae_lair_lakeside_cave, infiniplex_staircase_pool_2,
          lemuel_fruit_tree, uniq_snorg, uniq_rupert
Orc:1:    layout_diamond_mine, uniq_erica, uniq_jorgrun
Orc:2:    st_orc_congregation, layout_diamond_mine, gammafunk_ghost_grave
IceCv:    ice_cave_hellmonk_azure_passage

Skill      XL: |  1  2  3  4  5  6  7  8  9 10 11 12 13 14 15 16 17 |
---------------+----------------------------------------------------+-----
Spellcasting   | 5 6 7 8 9 10 11 12 | 12.1
Invocations    | 1 2 3 4 6 7 8 9 10 11 12 | 12.0
Fighting       | 1 2 3 6 7 8 9 10 11 | 11.0
Short Blades   | 1 2 3 6 7 8 9 10 11 | 11.0
Long Blades    | 1 2 3 6 7 8 9 10 11 | 11.0
Axes           | 1 2 3 6 7 8 9 10 11 | 11.0
Maces & Flails | 1 2 3 6 7 8 9 10 11 | 11.0
Polearms       | 1 2 3 6 7 8 9 10 11 | 11.0
Staves         | 1 2 3 6 7 8 9 10 11 | 11.0
Slings         | 1 2 3 6 7 8 9 10 11 | 11.0
Bows           | 1 2 3 6 7 8 9 10 11 | 11.0
Crossbows      | 1 2 3 6 7 8 9 10 11 | 11.0
Throwing       | 1 2 3 6 7 8 9 10 11 | 11.0
Armour         | 1 2 3 6 7 8 9 10 11 | 11.0
Shields        | 1 2 3 6 7 8 9 10 11 | 11.0
Unarmed Combat | 1 2 3 6 7 8 9 10 11 | 11.0
Evocations     | 1 2 3 6 7 8 9 10 11 | 11.0
Hexes          | 1 2 3 4 5 6 7 8 9 |  9.3
Summonings     | 1 2 3 4 5 6 7 8 9 |  9.3
Necromancy     | 1 2 3 4 5 6 7 8 9 |  9.3
Translocations | 1 2 3 4 5 6 7 8 9 |  9.3
Transmutations | 1 2 3 4 5 6 7 8 9 |  9.3
Fire Magic     | 1 2 3 4 5 6 7 8 9 |  9.3
Ice Magic      | 1 2 3 4 5 6 7 8 9 |  9.3
Air Magic      | 1 2 3 4 5 6 7 8 9 |  9.3
Earth Magic    | 1 2 3 4 5 6 7 8 9 |  9.3
Poison Magic   | 1 2 3 4 5 6 7 8 9 |  9.3
Dodging        | 5 6 7 8 9 10 11 | 11.9
Stealth        | 5 7 8 9 10 11 | 11.8
Conjurations   | 8 9 10 11 | 11.6

Action                   |  1- 3 |  4- 6 |  7- 9 | 10-12 | 13-15 | 16-18 || total
-------------------------+-------+-------+-------+-------+-------+-------++-------
Melee: Mace              |     8 |       |       |       |       |       ||     8
       Trident           |    15 |    45 |       |       |       |       ||    60
       Bite              |     1 |     4 |    10 |    35 |    67 |     5 ||   122
       Dagger            |       |     4 |    62 |   228 |   496 |    35 ||   825
       Punch             |       |       |     2 |     1 |       |       ||     3
Throw: Dart              |       |       |     2 |       |       |       ||     2
 Cast: Magic Dart        |    44 |    75 |    49 |    59 |    34 |     1 ||   262
       Searing Ray       |     4 |     8 |    34 |    40 |    39 |     5 ||   130
       Fulminant Prism   |       |     1 |       |     4 |    27 |    33 ||    65
       Mephitic Cloud    |       |       |    10 |    17 |    57 |     5 ||    89
       Ignite Poison     |       |       |       |     7 |    41 |     5 ||    53
       Summon Ice Beast  |       |       |       |     7 |     6 |     3 ||    16
       Iskenderun's Myst |       |       |       |     3 |       |    12 ||    15
       Freezing Cloud    |       |       |       |    31 |   216 |     4 ||   251
       Simulacrum        |       |       |       |       |     7 |       ||     7
       Silence           |       |       |       |       |     1 |       ||     1
Invok: Curse Item        |       |       |     2 |     5 |     2 |       ||     9
       Shatter the Chain |       |       |       |       |     1 |       ||     1
Evoke: Wand              |       |       |     2 |     3 |     4 |     5 ||    14
  Use: Potion            |       |       |     1 |     3 |       |     6 ||    10
       Scroll            |       |       |       |     2 |     1 |     1 ||     4
 Stab: Sleeping          |       |     4 |       |     4 |     5 |       ||    13
       Confused          |       |       |     3 |     4 |    11 |       ||    18
Armor: Robe              |     9 |     6 |     3 |       |       |       ||    18
       Leather armour    |       |       |    29 |    12 |       |       ||    41
       Steam dragon scal |       |       |       |    21 |       |       ||    21
       Ring mail         |       |       |       |    28 |   141 |    30 ||   199
Dodge: Dodged            |    32 |    34 |    91 |   124 |   215 |    29 ||   525
Block: Buckler           |       |       |       |    48 |   105 |    18 ||   171
